 Dungeon Crawl Stone Soup version 0.24.0-37-gcf1ca852f1 (webtiles) character file.

Game seed: 8788140688550013327, levelgen mode: deterministic

4529 Delamore the Severer (level 10, -2/86 HPs)
             Began as a Hill Orc Fighter on Dec 3, 2019.
             Slain by a nine-headed hydra (4 damage)
             ... on level 8 of the Dungeon.
             The game lasted 00:09:40 (7404 turns).

Delamore the Severer (Hill Orc Fighter)             Turns: 7404, Time: 00:09:41

Health: -2/86      AC: 13    Str: 26    XL:     10   Next: 39%
Magic:  10/10      EV:  9    Int: 13    God:
Gold:   215        SH: 10    Dex: 17    Spells: 9/9 levels left

rFire    . . .     SeeInvis .   v - +0 hand axe (drain)
rCold    . . .     Gourm    .   c - +0 shield
rNeg     + + .     Faith    .   n - +0 plate armour
rPois    .         Spirit   .   e - +0 helmet
rElec    .         Reflect  .   w - +0 cloak
rCorr    .         Harm     .   (no gloves)
MR       .....                  (no boots)
Stlth    ..........             B - amulet of magic regeneration
HPRegen  0.24/turn              y - ring of positive energy
MPRegen  0.37/turn              z - ring of positive energy

@: mighty, brilliant, agile, flying
A: no striking features
a: no special abilities


You were on level 8 of the Dungeon.
You were hungry.

You visited 1 branch of the dungeon, and saw 6 of its levels.
You also visited: Sewer.

You collected 215 gold pieces.

Inventory:

Hand Weapons
 a - a +0 war axe
 v - a +0 hand axe of draining (weapon)
Missiles
 t - 3 atropa-tipped darts (quivered)
Armour
 c - a +0 shield (worn)
 e - a +0 helmet (worn)
 n - a +0 plate armour (worn)
 w - a +0 cloak (worn)
Jewellery
 y - a ring of positive energy (left hand)
 z - a ring of positive energy (right hand)
 B - an amulet of magic regeneration (around neck)
Scrolls
 g - 8 scrolls of identify {unknown}
 h - 8 scrolls of teleportation {unknown}
 p - a scroll of remove curse {unknown}
 r - a scroll of fog
 x - a scroll of noise {unknown}
Potions
 b - a potion of degeneration {unknown}
 d - 3 potions of might
 i - 2 potions of cancellation {unknown}
 j - a potion of lignification
 k - 4 potions of curing
 l - a potion of heal wounds
 m - a potion of invisibility {unknown}
 o - 4 potions of brilliance
 q - 4 potions of flight
 s - a potion of agility
 u - a potion of magic {unknown}
 A - a potion of haste {unknown}
Comestibles
 f - 13 rations


   Skills:
 * Level 7.1 Fighting
 - Level 17.0 Axes
 - Level 3.2 Armour
 - Level 3.2 Shields


You had 9 spell levels left.
You didn't know any spells.
Your spell library contained the following spells:

 Spells                   Type           Power        Failure   Level  Hunger
 Animate Skeleton         Necr           N/A          83%         1    ##.....
 Pain                     Necr           #...         83%         1    ##.....
 Regeneration             Chrm/Necr      #.........   98%         3    ####...
 Vampiric Draining        Necr           #.........   98%         3    ####...
 Animate Dead             Necr           N/A          100%        4    #####..


Dungeon Overview and Level Annotations

Branches:
Dungeon (8/15)              Sewer (visited)
 Temple: D:4-7         Lair: D:8-11

Altars:
Elyvilon
Hepliaklqana
Makhleb
Nemelex Xobeh


Message History

The nine-headed hydra bites you.
The nine-headed hydra bites you but does no damage.
The nine-headed hydra bites you!
* * * LOW HITPOINT WARNING * * *
The nine-headed hydra bites you but does no damage.
You block the nine-headed hydra's attack. x2
The nine-headed hydra bites you!
* * * LOW HITPOINT WARNING * * *
The nine-headed hydra closely misses you.
The nine-headed hydra misses you.
As you read the scroll labeled GUASSO DITOAMUCA, it crumbles to dust.
The scroll dissolves into smoke.
It was a scroll of fog.
The nine-headed hydra barely misses you.
The nine-headed hydra bites you!
* * * LOW HITPOINT WARNING * * *
You block the nine-headed hydra's attack.
The nine-headed hydra bites you but does no damage.
The nine-headed hydra barely misses you.
The nine-headed hydra bites you.
You die...

#### ##### ##.## #...
....# ####...
....###..##.##########
....##......#.....#..#
....# .....#≈..§.'..#
.#..####.#..#.§P§§'..#
#...#.##.#...≈.§@D'..#
#...........#.§§§§#.(#
........#...#≈)P≈P##'#
.......####.#P≈≈≈≈#.%#
.......##...#PP≈P.+)K#
........#.>.##########
....................
....................
.........##.......#


You could see a nine-headed hydra.

Vanquished Creatures
  A two-headed ogre (D:8)
  2 dream sheep (D:8)
  A hippogriff (D:8)
  Sigmund (D:3)
  2 yaks (D:8)
  An ice beast (D:7)
  An orc warrior (D:8)
  3 ogres
  A centaur (D:8)
  4 big kobolds
  5 bullfrogs
  A scorpion (D:4)
  4 wights
  9 killer bees
  3 crimson imps
  A quasit (D:7)
  3 jellies
  A bullfrog skeleton (D:4)
  4 hounds
  3 orc priests
  Crazy Yiuf (D:3)
  5 orc wizards
  3 iguanas
  Ijyb (D:4)
  3 worker ants
  A hound zombie (D:8)
  Robin (D:2)
  4 gnolls (D:7)
  8 adders
  5 river rats
  A shadow imp (D:7)
  3 oozes
  An adder skeleton (D:8)
  3 worms
  A dart slug (D:2)
  6 leopard geckos
  22 orcs
  6 ball pythons
  5 giant cockroaches
  15 goblins
  8 hobgoblins
  3 jackals (D:7)
  26 kobolds
  5 quokkas
  9 bats
  4 frilled lizards
  31 rats
  3 fungi (D:3)
235 creatures vanquished.

Notes
Turn   | Place    | Note
-------+----------+-------------------------------------------
     0 | D:1      | Delamore the Hill Orc Fighter began the quest for the Orb.
     0 | D:1      | Reached XP level 1. HP: 19/19 MP: 1/1
    85 | D:1      | Reached skill level 3 in Axes
   181 | D:1      | Reached XP level 2. HP: 22/26 MP: 2/2
   289 | D:1      | Reached skill level 4 in Axes
   526 | D:1      | Reached XP level 3. HP: 31/31 MP: 3/3
   911 | D:2      | Noticed Robin
   922 | D:2      | Reached skill level 5 in Axes
   926 | D:2      | Killed Robin
   936 | D:2      | Reached XP level 4. HP: 13/39 MP: 4/4
  1176 | D:2      | Found a white marble altar of Elyvilon.
  1462 | D:2      | Reached skill level 6 in Axes
  1797 | D:2      | Reached XP level 5. HP: 45/45 MP: 5/5
  1882 | D:2      | Found a hazy altar of Hepliaklqana.
  1882 | D:2      | Found a sparkling altar of Nemelex Xobeh.
  1959 | D:2      | Found a faded altar of an unknown god.
  2225 | D:3      | Found a glowing drain.
  2231 | D:3      | Reached skill level 7 in Axes
  2252 | Sewer    | Entered a sewer
  2882 | Sewer    | Reached skill level 8 in Axes
  2893 | Sewer    | Reached XP level 6. HP: 51/51 MP: 6/6
  3297 | D:3      | Noticed Sigmund
  3325 | D:3      | Killed Sigmund
  3325 | D:3      | Reached skill level 9 in Axes
  3325 | D:3      | Reached XP level 7. HP: 40/57 MP: 7/7
  3825 | D:3      | Found a runed translucent door.
  3826 | D:3      | Noticed Crazy Yiuf
  3838 | D:3      | Killed Crazy Yiuf
  3934 | D:4      | Reached skill level 10 in Axes
  4120 | D:4      | Noticed Ijyb
  4134 | D:4      | Killed Ijyb
  4135 | D:4      | You fall into a shaft and drop 3 floors!
  4147 | D:7      | Reached skill level 11 in Axes
  4173 | D:7      | Reached XP level 8. HP: 35/64 MP: 8/8
  4360 | D:7      | Reached skill level 12 in Axes
  4592 | D:7      | Reached skill level 13 in Axes
  5045 | D:7      | Found a burning altar of Makhleb.
  5403 | D:8      | Reached skill level 14 in Axes
  5403 | D:8      | Reached XP level 9. HP: 70/70 MP: 9/9
  5711 | D:8      | Noticed a two-headed ogre
  5924 | D:8      | Killed a two-headed ogre
  5924 | D:8      | Reached skill level 15 in Axes
  6305 | D:8      | Reached skill level 16 in Axes
  6340 | D:8      | HP: 5/105 [poisoned by a killer bee]
  6366 | D:8      | Reached XP level 10. HP: 11/77 MP: 10/10
  6699 | D:8      | Reached skill level 17 in Axes
  7231 | D:8      | Reached skill level 5 in Fighting
  7384 | D:8      | Noticed a three-headed hydra
  7404 | D:8      | HP: 2/86 [nine-headed hydra (8)]
  7404 | D:8      | Slain by a nine-headed hydra

Levels and vault maps discovered:
D:1:      minmay_arrival_nine_rooms, layout_loops_ring, serial_aquarium,
          aquarium_bridge_island_small [aquarium_subvault_small_open,
          aquarium_subvault_bridge, aquarium_subvault_bridge,
          aquarium_subvault_wall, aquarium_subvault_bridge],
          aquarium_bridge_straight [aquarium_subvault_bridge,
          aquarium_subvault_wall, aquarium_subvault_bridge,
          aquarium_subvault_wall], aquarium_window_2, aquarium_window_fake,
          aquarium_window_2, aquarium_view_2d, aquarium_pool_side
D:2:      layout_loops_ring, nicolae_overflow_hidden_temple,
          gammafunk_temple_overflow_statue, chequers_ecumenical_altar_island,
          uniq_robin
D:3:      wander_river, layout_loops_ring, portal_sewer_entry_a,
          uniq_crazy_yiuf_cottage, uniq_sigmund
D:4:      layout_basic, uniq_ijyb
D:7:      layout_rooms, makhleb_heckhound_becter
D:8:      layout_cave_pools, hangedman_ranch [blue_anna_fruit_fields]

Skill      XL: |  1  2  3  4  5  6  7  8  9 10 |
---------------+-------------------------------+-----
Axes           | 3 4 5 6 8 9 11 14 16 17 | 17.0
Fighting       | 7 |  7.1
Armour         | |  3.2
Shields        | |  3.2

Action                   |  1- 3 |  4- 6 |  7- 9 | 10-12 || total
-------------------------+-------+-------+-------+-------++-------
Melee: War axe           |    83 |   301 |     1 |       ||   385
       Hand axe          |       |       |   427 |    69 ||   496
  Use: Potion            |       |     1 |     5 |     6 ||    12
       Scroll            |       |       |       |     1 ||     1
  Eat: Chunk             |       |     8 |     7 |     3 ||    18
       Ration            |       |       |     1 |       ||     1
Armor: Scale mail        |    60 |    17 |       |       ||    77
       Plate armour      |       |   146 |   250 |    62 ||   458
       Skin              |       |       |    29 |       ||    29
Dodge: Dodged            |    39 |    36 |    61 |    20 ||   156
Block: Shield            |    59 |   121 |   199 |    44 ||   423
